 Dungeon Crawl Stone Soup version 0.18.1-8-gdd0e5ea (webtiles) character file.

3 tyvek the Chiller (level 1, 0/13 HPs)
             Began as a Merfolk Ice Elementalist on May 21, 2016.
             Slain by a goblin
             ... wielding a +0 dagger
              (2 damage)
             ... on level 1 of the Dungeon.
             The game lasted 00:00:33 (38 turns).

tyvek the Chiller (Merfolk Ice Elementalist)          Turns: 38, Time: 00:00:34

Health: 0/13       AC:  2    Str:  8    XL:     1   Next: 50%
Magic:  0/3        EV: 13    Int: 14    God:
Gold:   0          SH:  0    Dex: 14    Spells: 1 memorised, 3 levels left

rFire  . . .     SeeInvis .     d - +0 whip
rCold  . . .     Gourm    .     a - +0 robe
rNeg   . . .     Faith    .     (no shield)
rPois  .         Spirit   .     (no helmet)
rElec  .         Dismiss  .     (no cloak)
rCorr  .         Reflect  .     (no gloves)
SustAt .         Harm     .     (no boots)
MR     .....                    (no amulet)
Stlth  ++........               (no ring)
                                (no ring)

@: very slightly contaminated, not resistant to hostile enchantments, unstealthy
A: change form in water, swift swim
a: no special abilities


You were on level 1 of the Dungeon.
You were not hungry.

You visited 1 branch of the dungeon, and saw 1 of its levels.

Inventory:

Hand Weapons
 d - a +0 whip (weapon)
   (You found it on level 1 of the Dungeon)
Armour
 a - a +0 robe (worn)
Books
 b - a book of Frost
Comestibles
 c - a bread ration {@e1}


   Skills:
 - Level 2.6 Dodging
 - Level 2.1 Stealth
 + Level 2.1 Spellcasting
   Level 0.7 Conjurations
 + Level 3.4 Ice Magic


You had 3 spell levels left.
You knew the following spells:

 Your Spells              Type           Power        Failure   Level  Hunger
a - Freeze                Ice            ##..         10%         1    ##.....


Dungeon Overview and Level Annotations

Branches:
Dungeon (1/15)

Altars:


Message History

Welcome, tyvek the Merfolk Ice Elementalist.
Will you prevail where others failed? Will you find the Orb of Zot?
Found a whip.
Found a staircase leading out of the dungeon.
You see here a whip.
d - a whip Wield which item (- for none, * to show all)? (? for menu, Esc to quit)
d - a +0 whip (weapon)
You open the large door.
There is a large open door here.
A hobgoblin comes into view.
A hobgoblin comes into view. It is wielding a club.
A dart slug comes into view.
The hobgoblin shouts!
You hear a shout! x2
The dart slug moves out of view.
Aim: a hobgoblin You freeze the hobgoblin.
The hobgoblin barely misses you.
A kobold comes into view. It is wielding a dagger.
You now have 2/3 mp.
Aim: a hobgoblin (heavily wounded)
You freeze the hobgoblin.
You kill the hobgoblin!
You now have 1/3 mp.
The kobold closely misses you.
You closely miss the kobold. The dart slug launches a dart at you.
The slug dart misses you. The kobold hits you with a dagger.
A bat comes into view.
You take 5 damage, and have 8/13 hp.
MASSIVE DAMAGE!!
You hit the kobold. The kobold barely misses you.
A goblin comes into view. It is wielding a dagger.
You hit the kobold.
You kill the kobold!
A hobgoblin comes into view.
Aim: a bat You miscast Freeze.
You are very lightly contaminated with residual magic.
You hear a crackling sound.
The hobgoblin shouts!
The bat closely misses you.
You now have 0/3 mp.
You closely miss the hobgoblin.
The hobgoblin hits you but does no damage.
You hit the hobgoblin. The hobgoblin misses you.
Aim: a hobgoblin, wielding a club (heavily wounded)
You freeze the hobgoblin.
You kill the hobgoblin!
The bat hits you but does no damage.
You now have 0/3 mp.
You closely miss the bat. The bat barely misses you.
You hit the bat but do no damage. The bat hits you but does no damage.
You miss the bat. The bat barely misses you.
The dart slug launches a dart at you. The slug dart hits you!
You take 3 damage, and have 6/13 hp.
MASSIVE DAMAGE!!
You don't have enough magic to cast that spell.
You closely miss the goblin. The bat barely misses you.
The goblin hits you with a dagger.
* * * LOW HITPOINT WARNING * * *
You take 3 damage, and have 3/13 hp.
MASSIVE DAMAGE!!
You hit the goblin. The bat hits you.
* * * LOW HITPOINT WARNING * * *
The bat hits you but does no damage.
You take 1 damage, and have 2/13 hp.
You barely miss the goblin. The bat barely misses you.
The goblin hits you with a dagger.
You die...

.......# #.#
.....# #..# . #.
....## ..# ..
##..##...##.##...
.....!......?....
#.†.........#
......###.w#####
###########g#
#........#g@#
#........'..#
#........'..#
#........#b.#
#<.......#..#
#........#.##
#........+.#
#........+.#
#........#.#


You could see a dart slug, a hobgoblin, a goblin and a bat.

Vanquished Creatures
  2 hobgoblins (D:1)
  A kobold (D:1)
3 creatures vanquished.

Notes
Turn   | Place    | Note
--------------------------------------------------------------
     0 | D:1      | tyvek the Merfolk Ice Elementalist began the quest for the Orb.
     0 | D:1      | Reached XP level 1. HP: 13/13 MP: 3/3
    36 | D:1      | HP: 3/13 [goblin/dagger (3)]
    38 | D:1      | Slain by a goblin

Action                   || total
-------------------------++-------
Melee: Whip              ||    11
 Cast: Freeze            ||     3
Armor: Robe              ||     3
Dodge: Dodged            ||    10

Vault maps used:
D:1:      lemuel_arrival_behind_the_door_large, minmay_box_of_dots

Table legend:
 A = Turns spent in this place as a percentage of turns spent in the entire game.
 B = Non-inter-level travel turns spent in this place as a percentage of non-inter-level travel turns spent in the entire game.
 C = Inter-level travel turns spent in this place as a percentage of turns spent in this place.
 D = Turns resting spent in this place as a percentage of non-inter-level travel turns spent in this place.
 E = Turns spent auto-exploring this place as a percentage of non-inter-level travel turns spent in this place.
 F = Non-inter-level travel turns spent in this place divided by the number of levels of this place that you've seen.
                   A       B       C       D       E      F
               +-------+-------+-------+-------+-------+----------------------
         Total | 100.0 | 100.0 |   0.0 |   0.0 |   3.1 |  32.0
       Dungeon | 100.0 | 100.0 |   0.0 |   0.0 |   3.1 |  32.0
               +-------+-------+-------+-------+-------+----------------------

Table legend:
 A = Kills in this place as a percentage of kills in entire the game.
 B = Kills by you in this place as a percentage of kills by you in the entire game.
 C = Kills by friends in this place as a percentage of kills by friends in the entire game.
 D = Other kills in this place as a percentage of other kills in the entire game.
 E = Experience gained in this place as a percentage of experience gained in the entire game.
 F = Experience gained in this place divided by the number of levels of this place that you have seen.
                   A       B       C       D       E      F
               +-------+-------+-------+-------+-------+----------------------
         Total | 100.0 | 100.0 |  -nan |  -nan | 100.0 |   5.0
       Dungeon | 100.0 | 100.0 |  -nan |  -nan | 100.0 |   5.0
               +-------+-------+-------+-------+-------+----------------------
